 Dungeon Crawl Stone Soup version 0.24.0-1-gfbc8707122 (webtiles) character file.

Game seed: 16132955138476879485, levelgen mode: deterministic

1216 Monsterracer the Insei (level 8, -2/91 HPs)
             Began as a Demonspawn Assassin on Oct 26, 2019.
             Was a Follower of Nemelex Xobeh.
             Slain by a two-headed ogre
             ... wielding a +0 giant club
              (8 damage)
             ... on level 6 of the Dungeon.
             The game lasted 00:10:12 (7526 turns).

Monsterracer the Insei (Demonspawn Assassin)        Turns: 7526, Time: 00:10:13

Health: -2/91      AC: 24    Str: 13    XL:     8   Next: 22%
Magic:  11/11      EV:  2    Int: 14    God:    Nemelex Xobeh [*.....]
Gold:   252        SH:  0    Dex: 14    Spells: 7/7 levels left

rFire    . . .     SeeInvis .     - Unarmed
rCold    . . .     Gourm    .   (no shield)
rNeg     + + +     Faith    .   (armour currently unavailable)
rPois    +         Spirit   .   (helmet currently unavailable)
rElec    .         Reflect  .   (cloak currently unavailable)
rCorr    .         Harm     .   (gloves currently unavailable)
MR       .....     NoTele   +   (boots currently unavailable)
Stlth    +++.......             n - amulet of the acrobat
HPRegen  0.25/turn              P - ring of poison resistance
MPRegen  0.12/turn              (no ring)

@: tree-form
A: nightstalker 1, powered by pain 2
a: Draw Escape, Draw Destruction, Draw Summoning, Renounce Religion


You were on level 6 of the Dungeon.
You worshipped Nemelex Xobeh.
Nemelex Xobeh was aware of your devotion.
You were not hungry.
You were a tree.
You visited 1 branch of the dungeon, and saw 6 of its levels.

You collected 252 gold pieces.

Inventory:

Missiles
 d - 17 poisoned darts (quivered)
 l - 2 curare-tipped darts
Armour
 g - a +0 cloak (melded)
 p - a cursed +0 helmet (melded)
   (You took it off Robin on level 4 of the Dungeon)
 u - a +0 scale mail (melded)
   (You took it off an orc priest on level 4 of the Dungeon)
Jewellery
 n - an amulet of the acrobat (around neck)
   (You found it on level 4 of the Dungeon)
 P - a ring of poison resistance (left branch)
   (You found it on level 6 of the Dungeon)
Wands
 b - a wand of digging (4)
   (You took it off Ijyb on level 4 of the Dungeon)
Scrolls
 h - a scroll of torment {unknown}
 i - 6 scrolls of teleportation {unknown}
 m - a scroll of magic mapping
 o - 2 scrolls of amnesia
 r - a scroll of remove curse
 t - a scroll of enchant armour {unknown}
 X - a scroll of blinking
Potions
 a - a potion of lignification
 e - 2 potions of curing
 j - 2 potions of might
 k - a potion of flight
 v - a potion of invisibility
 z - a potion of brilliance
Comestibles
 c - 6 rations


   Skills:
 + Level 4.4 Fighting
   Level 1.7 Short Blades
 - Level 1.7 Throwing
 + Level 3.1 Dodging
 - Level 3.6 Stealth
 * Level 6.8 Unarmed Combat
 + Level 4.1 Invocations


You had 7 spell levels left.
You didn't know any spells.
Your spell library was empty.

Dungeon Overview and Level Annotations

Branches:
Dungeon (6/15)             Temple (0/1) D:5

Altars:
Dithmenos
Elyvilon
Fedhas
Nemelex Xobeh
Okawaru
Qazlal
Ru
Sif Muna
Uskayaw
Vehumet
Wu Jian
The Shining One


Innate Abilities, Weirdness & Mutations

((You have sharp fingernails.))
((You are partially covered in yellow scales. (AC +2)))
You are slightly more attuned to the shadows.
You sometimes gain power by taking damage.


Message History

P - a ring of poison resistance (left claw)
The wyvern zombie misses you.
You claw the wyvern zombie!
The wyvern zombie is moderately damaged.
The wyvern zombie closely misses you.
You scratch the wyvern zombie but do no damage.
The wyvern zombie is moderately damaged.
The wyvern zombie bites you but does no damage.
You barely miss the wyvern zombie.
The wyvern zombie is moderately damaged.
The wyvern zombie bites you!
You claw the wyvern zombie!
The wyvern zombie is moderately damaged.
The wyvern zombie closely misses you.
You scratch the wyvern zombie.
The wyvern zombie is heavily damaged.
The wyvern zombie bites you!
You are too injured to fight recklessly!
You claw the wyvern zombie!
The wyvern zombie is severely damaged.
The wyvern zombie bites you.
The wyvern zombie bites you but does no damage.
You are too injured to fight recklessly!
You scratch the wyvern zombie but do no damage.
The wyvern zombie is severely damaged.
The wyvern zombie bites you!
* * * LOW HITPOINT WARNING * * *
Your scale mail prevents you from hitting the wyvern zombie.
The wyvern zombie is severely damaged.
The orc shouts!
You hear a shout! x2; You hear two shouts!
An orc comes into view. It is wielding a +0 dagger.
The wyvern zombie bites you.
* * * LOW HITPOINT WARNING * * *
You hear a shout!
You scratch the wyvern zombie.
The wyvern zombie is severely damaged.
The wyvern zombie bites you.
* * * LOW HITPOINT WARNING * * *
You claw the wyvern zombie!
The wyvern zombie is almost destroyed.
The wyvern zombie bites you!
* * * LOW HITPOINT WARNING * * *
Unknown command.
Evoke which item? (* to show all) (? for menu, Esc to quit)
Okay, then.
You feel better. The wyvern zombie bites you.
* * * LOW HITPOINT WARNING * * *
Unknown command.
Unknown command.
Really quaff the potion of lignification?
You turn into a tree.
Your +0 cloak melds into your body.
Your cursed +0 helmet melds into your body.
Your +0 scale mail melds into your body.
Your roots penetrate the ground.
The wyvern zombie bites you but does no damage.
You pummel the wyvern zombie!!
You destroy the wyvern zombie!
The orc throws a boomerang.
The boomerang hits you but does no damage.
The weapon returns to the orc!
You cannot move.
You cannot move.
You swing at nothing.
A two-headed ogre comes into view.
It is wielding a +0 giant club and a +0 dire flail.
You smack the orc!
You kill the orc!
The orc throws a boomerang.
The boomerang hits you but does no damage.
The weapon returns to the orc!
You swing at nothing.
You hit the two-headed ogre.
The two-headed ogre is lightly wounded.
The two-headed ogre hits you with a +0 giant club.
* * * LOW HITPOINT WARNING * * *
The two-headed ogre hits you with a +0 dire flail!
* * * LOW HITPOINT WARNING * * *
Evoke which item? (* to show all) (? for menu, Esc to quit)
Okay, then.
You feel better.
The two-headed ogre hits you with a +0 giant club.
* * * LOW HITPOINT WARNING * * *
The two-headed ogre hits you but does no damage.
Unknown command.
Unknown command.
You smack the two-headed ogre!
The two-headed ogre is moderately wounded.
The two-headed ogre hits you with a +0 giant club.
* * * LOW HITPOINT WARNING * * *
The two-headed ogre hits you but does no damage.
Unknown command.
You smack the two-headed ogre!
The two-headed ogre is heavily wounded.
An orc comes into view. It is wielding a +0 flail.
You hit the two-headed ogre.
The two-headed ogre is heavily wounded.
The two-headed ogre hits you with a +0 giant club.
* * * LOW HITPOINT WARNING * * *
The two-headed ogre hits you with a +0 dire flail!
You die...
Your body disappears without a glow.

### ..≈ .... .≈≈.. #
#######.≈.♣.
####.#######.........≈≈
#...oO♣......##......♣≈
#..####.######..##..♣≈.
#..# #.## #.≈≈
##.#####.# #.≈
.......#######.
o..............
....##........#
#.#....######..
#≈≈≈##.(### #..


You could see a two-headed ogre and 2 orcs.

Vanquished Creatures
  2 ogres (D:3 D:5)
  2 phantoms (D:5)
  A wyvern zombie (D:6)
  A scorpion (D:5)
  A crimson imp (D:6)
  A bullfrog zombie (D:5)
  A hound (D:5)
  5 orc priests (D:4 D:5 D:6)
  A bullfrog skeleton (D:5)
  5 orc wizards (D:4 D:5 D:6)
  2 iguanas (D:4 D:5)
  Ijyb (D:4)
  2 worker ants (D:5)
  A hound zombie (D:5)
  Robin (D:4)
  8 adders (D:2 D:3 D:5 D:6)
  An ooze (D:2)
  An adder zombie (D:5)
  2 worms (D:3 D:5)
  2 leopard geckos (D:1 D:5)
  19 orcs (D:3 D:4 D:5 D:6)
  5 giant cockroaches (D:1 D:3 D:4)
  18 goblins (D:1 D:2 D:3 D:4)
  8 hobgoblins (D:1 D:2 D:3 D:4)
  7 jackals (D:3 D:4)
  2 quokkas (D:3 D:5)
  A ball python (D:2)
  7 bats (D:1 D:3)
  6 frilled lizards (D:1 D:2 D:4 D:5)
  15 kobolds (D:1 D:2 D:3)
  5 rats (D:1 D:2 D:3)
134 creatures vanquished.

Notes
Turn   | Place    | Note
-------+----------+-------------------------------------------
     0 | D:1      | Monsterracer the Demonspawn Assassin began the quest for
                  | the Orb.
     0 | D:1      | Reached XP level 1. HP: 16/16 MP: 1/1
   280 | D:1      | Gained mutation: You have sharp fingernails. [demonic
                  | ancestry]
   280 | D:1      | Reached XP level 2. HP: 21/23 MP: 2/2
   352 | D:1      | You fall into a shaft and drop 1 floor!
   679 | D:1      | Reached skill level 1 in Unarmed Combat
   815 | D:1      | HP: 10/23 [kobold/+0 short sword (4)]
  1012 | D:1      | HP: 11/23 [goblin/+0 dagger (4)]
  1022 | D:1      | HP: 11/23 [frilled lizard (1)]
  1027 | D:1      | HP: 10/23 [goblin/+0 dagger (1)]
  1352 | D:1      | Gained mutation: You are slightly more attuned to the
                  | shadows. [demonic ancestry]
  1352 | D:1      | Reached XP level 3. HP: 21/28 MP: 3/3
  1712 | D:2      | Found a glowing golden altar of the Shining One.
  1785 | D:2      | HP: 14/28 [adder (4)]
  1786 | D:2      | Reached skill level 2 in Unarmed Combat
  1790 | D:2      | HP: 8/28 [hobgoblin (3)]
  2599 | D:3      | Found a sparkling altar of Nemelex Xobeh.
  2621 | D:3      | Became a worshipper of Nemelex Xobeh the Trickster
  2641 | D:3      | Found an ornate altar of the Wu Jian Council.
  2668 | D:3      | Received a gift from Nemelex Xobeh
  2677 | D:3      | Gained mutation: You are partially covered in yellow
                  | scales. (AC +2) [demonic ancestry]
  2677 | D:3      | Reached XP level 4. HP: 20/34 MP: 4/4
  3005 | D:3      | Reached skill level 3 in Unarmed Combat
  3073 | D:3      | Found a shimmering blue altar of Sif Muna.
  3164 | D:3      | Found a stormy altar of Qazlal.
  3166 | D:3      | Found a sacrificial altar of Ru.
  3167 | D:3      | Found a blossoming altar of Fedhas.
  3669 | D:4      | Found a shadowy altar of Dithmenos.
  3670 | D:4      | Noticed an ogre
  3690 | D:3      | Killed an ogre
  3690 | D:3      | Reached skill level 4 in Unarmed Combat
  3690 | D:3      | Gained mutation: You sometimes gain a little power by
                  | taking damage. [demonic ancestry]
  3690 | D:3      | Reached XP level 5. HP: 26/40 MP: 5/5
  4012 | D:4      | HP: 17/40 [orc priest/divine providence (13)]
  4022 | D:4      | HP: 17/40 [orc/+0 short sword (1)]
  4236 | D:4      | Found a radiant altar of Vehumet.
  4406 | D:4      | HP: 20/40 [iguana (8)]
  4408 | D:4      | Reached skill level 5 in Unarmed Combat
  4408 | D:4      | Reached XP level 6. HP: 23/46 MP: 6/6
  4574 | D:4      | Noticed Robin
  4603 | D:4      | Killed Robin
  4867 | D:4      | Reached * piety under Nemelex Xobeh
  4945 | D:4      | Reached skill level 1 in Dodging
  4955 | D:4      | Reached skill level 1 in Invocations
  5073 | D:5      | Entered Level 5 of the Dungeon
  5076 | D:5      | Found a staircase to the Ecumenical Temple.
  5109 | D:5      | HP: 19/47 [bullfrog zombie (6)]
  5117 | D:5      | HP: 11/47 [bullfrog zombie (7)]
  5402 | D:5      | HP: 23/47 [hound (2)]
  5405 | D:5      | HP: 10/47 [hound (4)]
  5429 | D:5      | Noticed Ijyb
  5434 | D:5      | HP: 4/47 [orc priest/divine providence (10)]
  5755 | D:4      | Killed Ijyb
  5755 | D:4      | Reached XP level 7. HP: 52/52 MP: 8/8
  5756 | D:4      | Found a hide-covered altar of Uskayaw.
  5756 | D:4      | Found an iron altar of Okawaru.
  6374 | D:5      | Reached skill level 6 in Unarmed Combat
  6507 | D:5      | Found a white marble altar of Elyvilon.
  7222 | D:5      | Gained mutation: You sometimes gain power by taking damage.
                  | [demonic ancestry]
  7222 | D:5      | Reached XP level 8. HP: 56/60 MP: 10/10
  7512 | D:6      | HP: 26/61 [wyvern zombie (8)]
  7515 | D:6      | HP: 11/61 [wyvern zombie (9)]
  7519 | D:6      | Noticed a two-headed ogre
  7522 | D:6      | HP: 18/91 [two-headed ogre/+0 giant club (5)]
  7524 | D:6      | HP: 7/91 [two-headed ogre/+0 giant club (6)]
  7526 | D:6      | Slain by a two-headed ogre

Levels and vault maps discovered:
D:1:      giann_forest_graveyard, layout_basic
D:2:      layout_basic, lemuel_round_altar
D:3:      layout_basic, nicolae_overflow_crystal_walls, lemuel_round_altar,
          minitemple
D:4:      layout_basic, nicolae_dithmenos_the_darkroom,
          nicolae_overflow_hidden_temple, uniq_robin
D:5:      layout_rooms, elyvilon_altar_5, minmay_temple_entry_butterflies,
          first_ration, uniq_ijyb
D:6:      layout_rooms, serial_rivers, chequers_serial_rivers_small_b,
          chequers_serial_rivers_micro_e, chequers_serial_rivers_marsh,
          chequers_serial_rivers_micro_c, chequers_serial_rivers_room_a

Skill      XL: |  1  2  3  4  5  6  7  8 |
---------------+-------------------------+-----
Unarmed Combat | 1 2 4 5 6 |  6.8
Dodging        | 1 2 3 |  3.1
Fighting       | 3 4 |  4.4
Invocations    | 2 3 4 |  4.1
Short Blades   | |  1.7
Throwing       | |  1.7
Stealth        | |  3.6

Action                   |  1- 3 |  4- 6 |  7- 9 || total
-------------------------+-------+-------+-------++-------
Melee: Dagger            |    40 |       |       ||    40
       Unarmed           |   127 |   222 |   251 ||   600
       Punch             |       |     3 |     6 ||     9
Throw: Dart              |     4 |     6 |       ||    10
 Abil: Draw Destruction  |       |     2 |       ||     2
  Use: Scroll            |       |    10 |     4 ||    14
       Potion            |       |     1 |     3 ||     4
 Stab: Sleeping          |    11 |     6 |       ||    17
  Eat: Chunk             |     2 |     9 |     7 ||    18
       Ration            |     1 |       |       ||     1
Armor: Robe              |    27 |    65 |     7 ||    99
       Scale mail        |       |       |    68 ||    68
       Skin              |       |       |     5 ||     5
Dodge: Dodged            |    86 |   138 |   104 ||   328
